 Dungeon Crawl Stone Soup version 0.17.0-1-g61d176b (webtiles) character file.

11501 dvd the Cleaver (level 11, -21/97 HPs)
             Began as a Hill Orc Fighter on Nov 7, 2015.
             Was a High Priest of Beogh.
             Killed from afar by a deep elf conjurer (28 damage)
             ... with a bolt of lightning
             ... on level 1 of the Elven Halls.
             The game lasted 01:09:10 (14155 turns).

dvd the Cleaver (Hill Orc Fighter)                 Turns: 14155, Time: 01:09:10

Health: -21/97     AC: 18    Str: 21    XL:     11   Next: 78%
Magic:  11/12      EV: 10    Int: 12    God:    Beogh [*****.]
Gold:   1356       SH: 21    Dex: 12    Spells: 0 memorised, 10 levels left

rFire  . . .     SeeInvis .     a - +1 war axe
rCold  . . .     Clarity  .     r - +3 scale mail "Unkops" {rN+ Int+4 Slay+2}
rNeg   + . .     SustAt   .     m - +2 large shield {reflect}
rPois  +         Gourm    .     f - +0 helmet
rElec  .         Spirit   .     o - +0 cloak
rCorr  .         Warding  .     (no gloves)
rMut   .         Stasis   .     G - +1 pair of boots
MR     +....                    (no amulet)
Stlth  ..........               (no ring)
                                E - ring of poison resistance

@: somewhat resistant to hostile enchantments, extremely unstealthy
A: walk on water, magic resistance 1
a: Smiting, Recall Orcish Followers, Give Item to Named Follower, Renounce
Religion


You were on level 1 of the Elven Halls.
You worshipped Beogh.
Beogh was extremely pleased with you.
You were not hungry.

You visited 4 branches of the dungeon, and saw 15 of its levels.

You collected 1492 gold pieces.
You spent 136 gold pieces at shops.

Inventory:

Hand Weapons
 a - a +1 war axe (weapon)
 k - a +4 short sword of draining
 s - a +0 mace
 u - a +1 hand axe of freezing
 y - a +0 hand axe of venom
 A - a +1 mace of protection
 D - a +0 mace of crushing
 K - a +3 hand axe
 N - a +0 flail of protection
 O - a +3 trident
Missiles
 i - 26 tomahawks (quivered)
 B - 3 poisoned tomahawks
 L - 18 exploding sling bullets
Armour
 b - a +2 chain mail of magic resistance
 f - a +0 helmet (worn)
 m - a +2 large shield of reflection (worn)
 o - a +0 cloak (worn)
 r - the +3 scale mail "Unkops" (worn) {rN+ Int+4 Slay+2}
   (You found it on level 10 of the Dungeon)

   It affects your intelligence (+4).
   It affects your accuracy and damage with ranged weapons and melee attacks
   (+2).
   It protects you from negative energy.
 w - the -2 buckler of Trial and Error {+Blink rElec rC+ Regen+}
   (You found it on level 10 of the Dungeon)

   It protects you from cold.
   It insulates you from electricity.
   It lets you blink.
   It increases your rate of regeneration.
 G - a +1 pair of boots (worn)
 I - the +3 salamander hide armour {+Rage rF++}
   (You found it on level 7 of the Dungeon)

   It greatly protects you from fire.
   It lets you go berserk.
 M - a +3 leather armour of poison resistance
Jewellery
 j - an uncursed ring of ice
 z - an uncursed ring of ice
 E - a ring of poison resistance (left hand)
Wands
 F - a wand of random effects (48)
 P - a wand of paralysis (13)
Scrolls
 c - a scroll of enchant weapon
 n - 5 scrolls of recharging
 p - a scroll of fear
 v - 13 scrolls of identify
 x - 2 scrolls of fog
 J - a scroll of remove curse
Potions
 d - a potion of might
 g - 3 potions of agility
 h - a potion of cancellation
 l - 4 potions of curing
Books
 q - a book of Necromancy

   Spells                             Type                      Level
   a - Pain                           Necromancy                   1
   b - Animate Skeleton               Necromancy                   1
   c - Vampiric Draining              Necromancy                   3
   d - Regeneration                   Charms/Necromancy            3
   e - Animate Dead                   Necromancy                   4
   f - Control Undead                 Necromancy                   4
 H - a book of Cantrips

   Spells                             Type                      Level
   a - Corona                         Hexes                        1
   b - Animate Skeleton               Necromancy                   1
   c - Summon Small Mammal            Summoning                    1
   d - Apportation                    Translocation                1
Comestibles
 e - 3 bread rations
 t - 2 fruits
 C - 9 royal jellies


   Skills:
 + Level 9.1 Fighting
 + Level 11.2 Axes
 * Level 9.5 Armour
 + Level 7.1 Dodging
 + Level 1.8 Stealth
 + Level 10.0 Shields
 + Level 1.5 Invocations
 + Level 0.2 Evocations


You had 10 spell levels left.
You didn't know any spells.

Dungeon Overview and Level Annotations

Branches:
Dungeon (10/15)            Temple (1/1) D:4            Lair (0/8) D:10
    Orc (3/4) D:10            Elf (1/3) Orc:3

Altars:
Ashenzari
Cheibriados
Dithmenos
Elyvilon
Fedhas
Gozag
Kikubaaqudgha
Makhleb
Nemelex Xobeh
Okawaru
Qazlal
Ru
Sif Muna
Trog
Vehumet
Xom
Yredelemnul
Zin
The Shining One

Shops:
D:7 }?(:   D:9 (   D:10 [(

Annotations:
D:4 dvd's ghost, amateur HOFi
Elf:1 Nikola


Innate Abilities, Weirdness & Mutations

You can walk on water.
You are resistant to hostile enchantments.


Message History

Your orc priest dies!
The bolt of lightning hits your orc wizard.
Your orc wizard dies!
Something hits your orc!
Your orc dies!
Nergalle is healed somewhat.
The orc warrior closely misses Nergalle.
Your orc knight hits the orc high priest with a scimitar!
Something hits the Executioner but does no damage.
The deep elf knight mumbles some strange words.
The deep elf knight flickers and vanishes!
Nergalle hits the orc warrior with a dagger of protection!
The soul eater hits your orc warrior!
Unknown command.
The deep elf conjurer casts a spell at you.
The bolt of lightning hits your orc wizard.
Your orc wizard dies!
Reactivating autopickup.
The bolt of lightning hits you!
You die...

########.# #o# #........#
.........# #o# #........#
########.# #o# #........#
#####'### #.# #........#
#....ooo## #.# #####+####
#.....o..o## #.#
+..........## #### ##
#........ooo#####88#88#88#
#........oooo[@.)))e4o{r.#
#........ooo###.oooo413o.#
#.........o## ###o3#4e#2.#
#.........##


o§oeeee1.) ####...... .'@oeo{e..} ...... ..#.e#.{#%[# ...... ##.'...4.4..# ...
#.'........# You could see an Executioner, a soul eater, 2 orc high priests, a
deep elf demonologist, an orange demon, 3 deep elf knights, a deep elf summoner,
a rust devil, a deep elf conjurer, a red devil, 2 orc warriors, a friendly orc
knight, the friendly Nergalle (frenzied), a friendly orc warrior (frenzied), the
friendly Koronagh the orc warrior (frenzied), a friendly orc priest (frenzied),
a friendly orc wizard and 8 friendly orcs.

Vanquished Creatures
  A hydra (D:10)
  Pikel (D:6)
  5 trolls
  A queen bee (D:10)
  A wyvern (D:9)
  3 yaks (D:10)
  Menkaure (D:7)
  A water moccasin (D:9)
  3 black bears
  Duvessa (D:6)
  An orc warrior (Orc:1)
  An ice beast (D:10)
  3 ogres
  3 phantoms
  4 centaurs
  A sky beast (D:7)
  5 big kobolds (Orc:3)
  A crocodile (D:9)
  Dowan (D:6)
  2 giant frogs
  A wyvern skeleton (D:6)
  A gnoll sergeant (D:7)
  2 scorpions
  16 killer bees
  10 wights
  3 crimson imps
  6 hounds
  2 giant frog zombies
  7 orc priests
  2 centaur skeletons
  2 jellies
  Crazy Yiuf (D:7)
  A giant frog skeleton (D:10)
  16 orc wizards
  An iguana (D:8)
  8 worker ants
  10 gnolls
  19 adders
  4 shadow imps
  4 oozes
  An adder zombie (D:9)
  2 adder skeletons
  3 worms
  7 giant geckos
  42 orcs
  2 ball pythons
  6 giant cockroaches
  6 hobgoblins
  A quokka (D:5)
  12 bats
  4 giant newts
  8 goblins
  7 jackals
  8 kobolds
  A quokka zombie (D:6)
  5 rats
271 creatures vanquished.

Vanquished Creatures (collateral kills)
  Snorg (Orc:2)
  A deep elf knight (Elf:1)
  A deep elf conjurer (Elf:1)
  A troll (D:10)
  5 yaks (D:10)
  A mottled dragon (shapeshifter) (D:10)
  A wasp (D:10)
  9 orc warriors
  2 ogres
  15 big kobolds
  A jelly (D:10)
  8 orc priests
  4 orc wizards
  An iguana (D:10)
  A shadow imp (D:10)
  31 orcs
  A jackal (D:10)
  6 kobolds
90 creatures vanquished.

Vanquished Creatures (others)
  2 deep elf summoners (Elf:1)
  2 orc warriors (Elf:1)
  A deep elf mage (Elf:1)
  A centaur (D:6)
  A black bear (D:6)
  2 slaves (D:6)
  A giant frog (D:6)
  A water moccasin zombie (D:6)
  5 orc priests
  6 orc wizards
  44 orcs
66 creatures vanquished.

Grand Total: 427 creatures vanquished

Notes
Turn   | Place    | Note
--------------------------------------------------------------
     0 | D:1      | dvd the Hill Orc Fighter began the quest for the Orb.
     0 | D:1      | Reached XP level 1. HP: 19/19 MP: 1/1
   103 | D:1      | Reached XP level 2. HP: 12/27 MP: 2/2
   605 | D:1      | Reached XP level 3. HP: 31/33 MP: 3/3
   694 | D:1      | Reached skill level 4 in Fighting
  1208 | D:2      | Found a stormy altar of Qazlal.
  1240 | D:2      | Reached XP level 4. HP: 35/40 MP: 4/4
  1391 | D:2      | Reached skill level 1 in Dodging
  2403 | D:3      | Reached XP level 5. HP: 27/46 MP: 5/5
  3426 | D:4      | Found a staircase to the Ecumenical Temple.
  3434 | Temple   | Entered the Ecumenical Temple
  3551 | D:4      | Noticed dvd's ghost (amateur HOFi)
  3729 | D:3      | Reached XP level 6. HP: 49/53 MP: 6/6
  3964 | D:4      | Found a glowing golden altar of the Shining One.
  3964 | D:4      | Found a white marble altar of Elyvilon.
  3964 | D:4      | Found a glowing silver altar of Zin.
  4169 | D:5      | Entered Level 5 of the Dungeon
  4231 | D:5      | Reached skill level 5 in Fighting
  4231 | D:5      | Reached skill level 5 in Axes
  4339 | D:5      | Reached XP level 7. HP: 55/61 MP: 7/7
  4474 | D:5      | Reached skill level 5 in Armour
  4474 | D:5      | Reached skill level 5 in Shields
  5144 | D:6      | Reached skill level 6 in Axes
  5144 | D:6      | Reached XP level 8. HP: 23/70 MP: 8/8
  5387 | D:6      | Became a worshipper of Beogh the Brigand
  5612 | D:6      | Noticed Pikel
  5623 | D:6      | Killed Pikel
  5795 | D:6      | Reached skill level 7 in Axes
  5914 | D:6      | Reached XP level 9. HP: 73/78 MP: 9/9
  6036 | D:6      | Reached * piety under Beogh
  6141 | D:6      | Noticed Dowan
  6142 | D:6      | Noticed Duvessa
  6152 | D:6      | Killed Duvessa
  6157 | D:6      | Killed Dowan
  6678 | D:7      | Reached ** piety under Beogh
  7050 | D:7      | Reached skill level 8 in Axes
  7256 | D:7      | Found Cucil's Antique Weapon Shoppe.
  7443 | D:7      | Found Zeoptoq's Book Boutique.
  7506 | D:7      | Gained mutation: Your body sometimes deteriorates upon taking damage. [potion of mutation]
  7506 | D:7      | Gained mutation: Your mind is acute. (Int +2) [potion of mutation]
  7506 | D:7      | Gained mutation: You are resistant to hostile enchantments. [potion of mutation]
  7556 | D:7      | Found Mewosouf's Magic Scroll Boutique.
  7556 | D:7      | Noticed Menkaure
  7563 | D:7      | Killed Menkaure
  7679 | D:7      | Found Goabbuem's Gadget Shop.
  7747 | D:7      | Noticed Crazy Yiuf
  7753 | D:7      | Killed Crazy Yiuf
  7837 | D:8      | Found a burning altar of Makhleb.
  8110 | D:8      | Reached XP level 10. HP: 85/88 MP: 10/10
  8196 | D:8      | Found a sparkling altar of Nemelex Xobeh.
  8197 | D:8      | Found a shimmering altar of Xom.
  8377 | D:8      | Lost mutation: Your body sometimes deteriorates upon taking damage. [potion of cure mutation]
  8377 | D:8      | Lost mutation: Your mind is acute. (Int +2) [potion of cure mutation]
  8575 | D:9      | Reached skill level 5 in Dodging
  8580 | D:9      | Reached skill level 9 in Axes
  8672 | D:9      | Found Ufrogul's Antique Weapon Boutique.
  9218 | D:9      | Reached *** piety under Beogh
  9576 | D:9      | Reached skill level 1 in Stealth
 10631 | D:10     | Entered Level 10 of the Dungeon
 10653 | D:10     | Got a bloodstained buckler
 10664 | D:10     | Identified the cursed -2 buckler of Trial and Error {+Blink rElec rC+ Regen+} (You found it on level 10 of the Dungeon)
 10741 | D:10     | Reached skill level 10 in Axes
 10935 | D:10     | Found a staircase to the Lair.
 11016 | D:10     | Reached skill level 1 in Invocations
 11039 | D:10     | Found Zipterr's Weapon Emporium.
 11048 | D:10     | Found a staircase to the Orcish Mines.
 11050 | D:10     | Found Atsozeeph's Armour Emporium.
 11072 | D:10     | Bought a +0 large shield of reflection for 136 gold pieces
 11148 | D:10     | Got a smoking scale mail
 11173 | D:10     | Identified the +3 scale mail "Unkops" {rN+ Int+4 Slay+2} (You found it on level 10 of the Dungeon)
 11269 | D:10     | Reached XP level 11. HP: 73/95 MP: 11/11
 11384 | D:10     | Noticed a four-headed hydra
 11392 | D:10     | Killed a five-headed hydra
 11772 | D:10     | Reached **** piety under Beogh
 12448 | Orc:1    | Entered Level 1 of the Orcish Mines
 12782 | Orc:2    | Noticed Snorg
 12794 | Orc:2    | Killed Snorg
 12874 | Orc:2    | Gained Zartorak as an ally
 13024 | Orc:2    | Noticed Nergalle
 13026 | Orc:2    | Noticed a spectral orc warlord
 13039 | Orc:2    | Reached ***** piety under Beogh
 13270 | Orc:3    | Found a staircase to the Elven Halls.
 13456 | Orc:3    | Reached skill level 11 in Axes
 13478 | Orc:3    | Gained Koronagh as an ally
 13788 | Elf:1    | Entered Level 1 of the Elven Halls
 13788 | Elf:1    | Noticed a deep elf knight
 13792 | Elf:1    | Killed a deep elf summoner
 13793 | Elf:1    | Killed a deep elf summoner
 13794 | Elf:1    | Killed a deep elf knight
 13845 | Elf:1    | Noticed a deep elf conjurer
 13851 | Elf:1    | Killed a deep elf conjurer
 13851 | Elf:1    | Reached skill level 10 in Shields
 14146 | Elf:1    | Noticed an orc high priest
 14146 | Elf:1    | Noticed an orc high priest
 14147 | Elf:1    | Noticed a deep elf conjurer
 14147 | Elf:1    | Noticed a deep elf knight
 14147 | Elf:1    | Noticed a deep elf summoner
 14147 | Elf:1    | Noticed a deep elf knight
 14147 | Elf:1    | Noticed a deep elf high priest
 14147 | Elf:1    | Noticed a deep elf knight
 14148 | Elf:1    | Noticed a deep elf demonologist
 14149 | Elf:1    | Noticed a soul eater
 14149 | Elf:1    | Noticed a deep elf knight
 14149 | Elf:1    | Noticed a deep elf demonologist
 14149 | Elf:1    | Noticed a deep elf knight
 14149 | Elf:1    | Noticed Nikola
 14153 | Elf:1    | Noticed an Executioner
 14155 | Elf:1    | Killed from afar by a deep elf conjurer

Action                   |  1- 3 |  4- 6 |  7- 9 | 10-12 || total
-------------------------+-------+-------+-------+-------++-------
Melee: War axe           |   110 |   164 |   334 |   440 ||  1048
       Hand axe          |       |       |       |     3 ||     3
       Trident           |       |       |       |     3 ||     3
       Short sword       |       |       |       |     1 ||     1
Invok: Convert to Beogh  |       |       |     1 |       ||     1
       Smiting           |       |       |     1 |     4 ||     5
       Recall Orcish Fol |       |       |       |     6 ||     6
 Abil: Evoke Berserk Rag |       |       |       |     1 ||     1
  Use: Potion            |       |     9 |     2 |     8 ||    19
       Scroll            |       |     2 |     8 |     7 ||    17
 Stab: Distracted        |       |       |       |     3 ||     3
  Eat: Chunk             |     1 |     9 |    12 |    11 ||    33
       Pizza             |       |     1 |       |     1 ||     2
       Beef jerky        |       |       |       |     2 ||     2
       Meat ration       |       |       |       |     1 ||     1
       Bread ration      |       |       |       |     1 ||     1
